 Dungeon Crawl Stone Soup version 0.29.1-1-gd02db69 (webtiles) character file.

Game seed: 7760402788035564752

9519 Timinator the Martial Artist (level 11, -3/102 HPs)
             Began as a Demigod Transmuter on Jan 9, 2023.
             Slain by an orc knight
             ... wielding a +0 battleaxe
              (14 damage)
             ... on level 1 of the Orcish Mines.
             The game lasted 00:59:49 (17262 turns).

Timinator the Martial Artist (Demigod Transmuter)  Turns: 17262, Time: 00:59:50

Health: -3/102     AC:  7    Str: 15    XL:     11   Next: 4%
Magic:  16/21      EV: 14    Int: 15    God:
Gold:   724        SH:  0    Dex: 22    Spells: 12/19 levels left

rFire   . . .      SeeInvis .     - Unarmed
rCold   + + +      Faith    .   (shield currently unavailable)
rNeg    . . .      Spirit   .   (body armour currently unavailable)
rPois   +          Reflect  .   (helmet currently unavailable)
rElec   .          Harm     .   (cloak currently unavailable)
rCorr   .          Rampage  .   (gloves currently unavailable)
Will    +....                   (boots currently unavailable)
Stlth   ++........              (no amulet)
HPRegen 0.27/turn               r - ring of protection from fire
MPRegen 0.17/turn               (no ring)

@: ice-form, wereblooded
A: freezing attack, amphibious, boosted hp, large, high MP 1, forlorn, divine
attributes
a: End Transformation


You were on level 1 of the Orcish Mines.
You were a creature of crystalline ice.
You visited 2 branches of the dungeon, and saw 10 of its levels.
You also visited: Sewer and Ossuary.

You collected 859 gold pieces.
You spent 135 gold pieces at shops.

Inventory:

Hand Weapons
 s - the +3 mace "Inkusherr" {venom, rF+ Will+ rCorr Int+6}
   (You found it on level 6 of the Dungeon)

   It poisons the flesh of those it strikes.
   Int:       It affects your intelligence (+6).
   rF:        It protects you from fire.
   rCorr:     It protects you from acid and corrosion.
   Will:      It increases your willpower.
Missiles
 b - 9 curare-tipped darts
Armour
 l - a +3 leather armour of fire resistance (melded)
 p - the +2 ratskin cloak (melded) {*Rats rPois rN+ Str-1 Int-1 Dex+1}
   (You found it on level 8 of the Dungeon)

   When the wearer is hurt, rats may emerge from it to assist them.
   Str:       It affects your strength (-1).
   Int:       It affects your intelligence (-1).
   Dex:       It affects your dexterity (+1).
   rPois:     It protects you from poison.
   rN:        It protects you from negative energy.
 t - +0 steam dragon scales
 u - a +0 cloak
 x - a +1 ring mail
Jewellery
 c - an amulet of guardian spirit
 r - a ring of protection from fire (left front paw)
Wands
 d - a wand of paralysis (14)
 o - a wand of iceblast (5)
 C - a wand of polymorph (9)
Scrolls
 h - a scroll of summoning {unknown}
 n - 6 scrolls of teleportation
 v - a scroll of amnesia
 w - 2 scrolls of poison
 y - a scroll of vulnerability {unknown}
 z - a scroll of fog
 A - a scroll of magic mapping
 B - a scroll of enchant weapon {unknown}
Potions
 a - 2 potions of resistance
 e - a potion of cancellation {unknown}
 f - a potion of invisibility
 g - 5 potions of brilliance
 i - 5 potions of mutation
 j - 10 potions of curing
 m - a potion of magic
 q - 2 potions of flight
 D - a potion of berserk rage {unknown}
 F - a potion of attraction


   Skills:
 * Level 4.3 Fighting
 - Level 3.6 Maces & Flails
 - Level 3.0 Armour
 * Level 6.0 Dodging
 + Level 10.3 Unarmed Combat
 - Level 4.5 Spellcasting
 + Level 7.6 Transmutations
 * Level 3.2 Ice Magic


You had 12 spell levels left.
You knew the following spells:

 Your Spells              Type           Power      Damage    Failure   Level
a - Beastly Appendage     Tmut           52%        N/A       1%          1
b - Wereblood             Tmut           26%        N/A       1%          2
c - Ice Form              Ice/Tmut       19%        N/A       19%         4

Your spell library contained the following spells:

 Spells                   Type           Power      Damage    Failure   Level
 Spider Form              Tmut/Pois      14%        N/A       11%         3
 Summon Small Mammal      Summ           12%        N/A       17%         1
 Ignite Poison            Fire/Tmut/Pois 11%        N/A       19%         3
 Static Discharge         Conj/Air       3%         3-4/arc   26%         2
 Call Canine Familiar     Summ           3%         N/A       45%         3
 Conjure Flame            Conj/Fire      3%         6-21      45%         3
 Summon Guardian Golem    Hex/Summ       3%         N/A       45%         3
 Sticky Flame             Conj/Fire      3%         2d3       86%         4
 Lightning Bolt           Conj/Air       1%         1d12      99%         5
 Maxwell's Capacitive Co  Air            1%         ∞         100%        8


Dungeon Overview and Level Annotations

Branches:
Dungeon (9/15)             Temple (0/1) D:4             Orc (1/2) D:9
  Sewer (visited)         Ossuary (visited)
   Lair: D:8-11

Shops:
D:6 *   D:9 ?

Annotations:
D:4 1 runed translucent door, Crazy Yiuf


Innate Abilities, Weirdness & Mutations

You are a creature of crystalline ice.
You have a powerful freezing melee attack.
You are amphibious.
Your maximum health is increased.
Your armour is entirely melded.
You are incapable of wielding weapons or throwing items.
You have an increased reservoir of magic. (+10% MP)
You shall have no god before yourself.
Your divine heritage dramatically boosts your attributes as you level up.


Message History

The orc knight roars a battlecry!
Press: ? - help, v - describe, . - travel
Here: an orc knight, wielding a +0 battleaxe and wearing a +0 chain mail The floor.
Casting: Beastly Appendage (safe; 1% risk of failure)
Confirm with . or Enter, or press ? or * to list all spells.
Your blood is infused with primal strength.
Casting: Wereblood (safe; 1% risk of failure)
Confirm with . or Enter, or press ? or * to list all spells.
You turn into a creature of crystalline ice.
The +2 ratskin cloak {*Rats rPois rN+ Str-1 Int-1 Dex+1} melds into your body.
Your +3 leather armour of fire resistance melds into your body.
You feel less resistant to fire.
You hit the orc knight but do no damage.
The orc knight hits you with a +0 battleaxe!
You barely miss the orc knight.
The orc knight hits you with a +0 battleaxe!
You pummel the orc knight!! You freeze the orc knight!
The orc knight is heavily wounded.
The orc knight hits you with a +0 battleaxe!
You completely miss the orc knight.
The orc knight is heavily wounded.
The orc knight hits you with a +0 battleaxe!!
Okay, then.
You hit the orc knight but do no damage.
The orc knight is heavily wounded.
You pummel the orc knight!! You freeze the orc knight.
The orc knight is almost dead.
The orc knight barely misses you.
You barely miss the orc knight.
The orc knight is almost dead.
The orc knight hits you with a +0 battleaxe!
You barely miss the orc knight.
The orc knight is almost dead.
The orc knight hits you with a +0 battleaxe!!
* * * LOW HITPOINT WARNING * * *
You hit the orc knight but do no damage.
The orc knight is almost dead.
The orc knight hits you with a +0 battleaxe!
You die...

##........... ### ###
#............ ##.# ##.#
######.......... #..## #..#
##.##............ ....# #..###
#...#........#..
....#####....#####..#......#.....
......##.......# #..#....### .#..
..........#....####......# ..
#.###...###.....Y#.#.....# ..
####...## ###...#o......##### ...
..###...#####...##......#.#.#..o.
...#..#..#.#....##...............
......#........###...............
.....####[))#####.....##..#......
......###[)#.# ##.#.###........#
.......###)### ##### ##........
..#......#<# ....#####


You could see an orc knight.

Vanquished Creatures
  Erolcha (D:9)
  Pikel (D:8)
  Maggie (D:8)
  Psyche (D:8)
  A troll (Orc:1)
  Prince Ribbit (D:8)
  A hornet (D:6)
  Sigmund (D:5)
  A shadow (D:9)
  A yak (D:9)
  A wyvern (D:9)
  A wraith (D:9)
  Grum (D:8)
  A steam dragon (D:6)
  Edmund (D:4)
  Menkaure (D:7)
  3 water moccasins
  Duvessa (D:5)
  5 orc warriors
  An ice beast (D:7)
  2 black bears
  3 ogres
  3 sky beasts
  3 centaurs
  3 wolves (D:8)
  2 phantoms
  2 lemures (D:8)
  8 kobold brigands (Sewer)
  4 bullfrogs (D:7)
  5 scorpions
  3 necrophages
  2 gnoll sergeants
  2 wights (D:9)
  4 killer bees (D:8)
  Dowan (D:5)
  3 howler monkeys
  A centaur zombie (Ossuary)
  A human zombie (Ossuary)
  2 jellies (D:5)
  A hound (D:6)
  2 gnoll boudas
  6 orc priests
  5 iguanas
  10 orc wizards
  6 hell rats (D:8)
  2 mummies (Ossuary)
  22 gnolls
  19 river rats
  14 adders
  2 shadow imps
  3 white imps
  An ufetubus (D:5)
  3 worms
  A dart slug (D:2)
  29 orcs
  8 ball pythons
  9 endoplasms
  2 giant cockroaches
  7 goblins
  12 hobgoblins
  6 jackals
  5 quokkas
  6 bats
  6 frilled lizards
  A gnoll zombie (Ossuary)
  2 goblin zombies (Ossuary)
  A hobgoblin zombie (Ossuary)
  10 kobolds
  A kobold zombie (Ossuary)
  An orc zombie (Ossuary)
  11 rats
  A spectral orc (D:3)
295 creatures vanquished.

Vanquished Creatures (collateral kills)
  An orc warrior (D:8)
  3 wights (D:9)
  A gnoll (Orc:1)
5 creatures vanquished.

Vanquished Creatures (others)
  18 fungi (D:4)
18 creatures vanquished.

Grand Total: 318 creatures vanquished

Notes
Turn   | Place    | Note
-------+----------+-------------------------------------------
     0 | D:1      | Timinator the Demigod Transmuter began the quest for the
                  | Orb.
     0 | D:1      | Reached XP level 1. HP: 15/15 MP: 5/5
   277 | D:1      | Reached skill level 1 in Fighting
   442 | D:1      | Reached XP level 2. HP: 23/23 MP: 5/7
   507 | D:1      | Reached skill level 3 in Unarmed Combat
  1250 | D:1      | Reached XP level 3. HP: 28/28 MP: 6/8
  1759 | D:2      | Identified the +4 dagger of the Ageless Friars {protect,
                  | +Blink Will- rCorr Str+2}
  2029 | D:2      | Learned a level 2 spell: Wereblood
  2166 | D:2      | Noticed a scorpion
  2351 | D:2      | Killed a scorpion
  2352 | D:2      | Reached skill level 1 in Armour
  2352 | D:2      | Reached XP level 4. HP: 35/35 MP: 8/10
  2742 | D:3      | Reached XP level 5. HP: 17/40 MP: 9/11
  3202 | D:3      | Noticed a centaur
  3226 | D:3      | Killed a centaur
  4373 | D:4      | Reached skill level 4 in Unarmed Combat
  4373 | D:4      | Reached XP level 6. HP: 19/48 MP: 13/13
  4496 | D:4      | Noticed Edmund
  4679 | D:4      | Found a glowing drain.
  4686 | Sewer    | Entered a sewer
  5334 | Sewer    | Reached XP level 7. HP: 44/55 MP: 11/14
  5337 | Sewer    | Reached skill level 5 in Unarmed Combat
  6393 | D:4      | Killed Edmund
  6404 | D:4      | Reached XP level 8. HP: 41/62 MP: 16/16
  6754 | D:4      | Found a runed translucent door.
  6755 | D:4      | Noticed Crazy Yiuf
  6950 | D:4      | Found a staircase to the Ecumenical Temple.
  7003 | D:4      | Reached skill level 6 in Unarmed Combat
  7429 | D:5      | Entered Level 5 of the Dungeon
  7760 | D:5      | Reached skill level 5 in Transmutations
  7778 | D:5      | Noticed Duvessa
  7787 | D:5      | Noticed Dowan
  7805 | D:5      | Killed Dowan
  7811 | D:5      | Killed Duvessa
  8191 | D:5      | Reached skill level 7 in Unarmed Combat
  8203 | D:5      | Noticed Sigmund
  8224 | D:5      | Killed Sigmund
  9097 | D:6      | Found Vodaeng's Lightly-Used Armoury.
  9115 | D:6      | Reached XP level 9. HP: 64/71 MP: 15/18
  9475 | D:6      | Found a sand-covered staircase.
  9485 | Ossuary  | Entered an ossuary
 10114 | D:6      | Reached skill level 8 in Unarmed Combat
 10452 | D:6      | Identified the +3 mace "Inkusherr" {venom, rF+ Will+ rCorr
                  | Int+6}
 10637 | D:7      | Learned a level 4 spell: Ice Form
 11061 | D:7      | Reached skill level 1 in Maces & Flails
 11361 | D:7      | Reached skill level 1 in Ice Magic
 11454 | D:7      | Noticed Menkaure
 11460 | D:7      | Killed Menkaure
 12120 | D:8      | Noticed Maggie
 12158 | D:8      | Noticed Pikel
 12262 | D:8      | Noticed Grum
 12551 | D:8      | Killed Grum
 12552 | D:8      | Reached XP level 10. HP: 51/79 MP: 16/20
 13241 | D:8      | Found the +2 ratskin cloak {*Rats rPois rN+ Str-1 Int-1
                  | Dex+1}
 13344 | D:8      | Noticed Prince Ribbit
 13362 | D:8      | Reached skill level 9 in Unarmed Combat
 13368 | D:8      | Killed Prince Ribbit
 13809 | D:8      | Reached skill level 5 in Dodging
 13829 | D:8      | Paralysed by Maggie for 2 turns
 13842 | D:8      | Killed Maggie
 13939 | D:8      | Killed Pikel
 14252 | D:8      | Noticed Psyche
 14319 | D:8      | Killed Psyche
 14831 | D:9      | Found a staircase to the Orcish Mines.
 14864 | D:9      | Noticed Erolcha
 14934 | D:9      | Killed Erolcha
 15019 | D:9      | Reached skill level 10 in Unarmed Combat
 15738 | D:9      | Found Poyza's Magic Scroll Shoppe.
 15744 | D:9      | Bought a scroll of teleportation for 45 gold pieces
 15744 | D:9      | Bought a scroll of identify for 30 gold pieces
 15748 | D:9      | Bought a scroll of poison for 60 gold pieces
 16087 | Orc:1    | Entered Level 1 of the Orcish Mines
 16895 | Orc:1    | Reached XP level 11. HP: 84/84 MP: 15/21
 17238 | Orc:1    | Noticed an orc knight
 17262 | Orc:1    | Slain by an orc knight

Illustrated notes

Levels and vault maps discovered:
D:1:      nzn_arrival_settlement, layout_basic,
          shapermc_ecumenical_altar_totnotflames, minmay_tall_x
D:2:      layout_basic, basic_altar
D:3:      layout_rooms, fiery_altar_vehumet,
          yredelemnul_forgotten_temple_becter, nicolae_overflow_ecumenical_swirl
D:4:      dreamdust_elfheim, layout_basic, mainiacjoe_overflow_cross_hatched,
          old_standard_altar, minmay_temple_entry_from_below_b,
          lightli_sewer_entry_pipes, uniq_crazy_yiuf_cottage, uniq_edmund
D:5:      layout_basic, kennysheep_mini, serial_rivers,
          chequers_serial_rivers_small_a, chequers_serial_rivers_small_3,
          chequers_serial_rivers_small_3, chequers_serial_rivers_large_a,
          chequers_serial_rivers_room_a, chequers_serial_rivers_marsh,
          kennysheep_generic_room_10, uniq_duvessa, uniq_sigmund
D:6:      layout_basic, chequers_temple_overflow_statue_of_worship,
          nicolae_wu_jian_glorious_leap, lightli_ossuary_entry_decrepit_ruins,
          minmay_shop_damaged
D:7:      layout_basic, minmay_stone_trees_large, corexii_leaking_fountain,
          nicolae_concentric_dashed_squares_wild, uniq_menkaure
D:8:      wander_guarded_unrand_ratskin, layout_basic, uniq_pikel, uniq_psyche,
          uniq_maggie, uniq_prince_ribbit1, uniq_grum
D:9:      layout_roguey, trog_hazing_becter, ashenzari_conservatory_becter,
          orc_0_dummy, serial_shops, nicolae_shop_crystal, serial_bayou_pond_b,
          uniq_erolcha
Orc:1:    nicolae_orc_accident_2, layout_diamond_mine, uniq_fannar

Skill      XL: |  1  2  3  4  5  6  7  8  9 10 11 |
---------------+----------------------------------+-----
Dodging        | 2 3 4 5 6 |  6.0
Fighting       | 1 2 3 4 |  4.3
Transmutations | 2 3 4 5 6 7 |  7.6
Unarmed Combat | 3 4 5 7 8 10 | 10.3
Spellcasting   | 2 3 4 |  4.5
Armour         | 1 2 3 |  3.0
Maces & Flails | 1 3 |  3.6
Ice Magic      | 1 3 |  3.2

Action                   |  1- 3 |  4- 6 |  7- 9 | 10-12 || total
-------------------------+-------+-------+-------+-------++-------
Melee: Unarmed           |   109 |   195 |   422 |   363 ||  1089
       Kick              |    22 |    59 |   139 |   109 ||   329
       Headbutt          |    10 |    27 |    92 |    73 ||   202
       Punch             |     4 |     5 |    13 |    29 ||    51
 Cast: Beastly Appendage |    23 |    30 |    63 |    43 ||   159
       Wereblood         |       |     2 |    27 |    19 ||    48
       Ice Form          |       |       |     1 |     3 ||     4
Evoke: Wand              |       |     4 |     1 |       ||     5
  Use: Potion            |     2 |     1 |     6 |     2 ||    11
       Scroll            |       |     4 |    13 |     3 ||    20
 Stab: Sleeping          |     1 |       |     3 |     1 ||     5
Armor: Robe              |    15 |       |       |       ||    15
       Skin              |    11 |       |     1 |     6 ||    18
       Leather armour    |       |    28 |    46 |    55 ||   129
       Ring mail         |       |       |    39 |       ||    39
Dodge: Dodged            |    54 |   120 |   213 |   180 ||   567
